 Dungeon Crawl Stone Soup version 0.22-a0-521-gb1378044ac (webtiles) character file.

52 D1HalberdGnoll the Charmwright (level 4, 0/29 HPs)
             Began as a Halfling Skald on June 20, 2018.
             Slain by Natasha (4 damage)
             ... on level 1 of the Dungeon.
             The game lasted 00:01:50 (1736 turns).

D1HalberdGnoll the Charmwright (Halfling Skald)     Turns: 1736, Time: 00:01:50

Health: 0/29       AC:  3    Str: 13    XL:     4   Next: 8%
Magic:  7/7        EV: 14    Int: 11    God:
Gold:   2          SH:  0    Dex: 13    Spells: 6/7 levels left

rFire    . . .     SeeInvis .   a - +0 hand axe
rCold    . . .     Gourm    .   (shield restricted)
rNeg     . . .     Faith    .   b - +0 leather armour
rPois    .         Spirit   .   (no helmet)
rElec    .         Reflect  .   (no cloak)
rCorr    .         Harm     .   (no gloves)
MR       .....                  (no boots)
Stlth    +.........             (no amulet)
HPRegen  0.09/turn              (no ring)
MPRegen  0.10/turn              (no ring)

@: confused, infused (expiring)
A: small, mutation resistance 1
a: no special abilities


You were on level 1 of the Dungeon.
You were not hungry.

You visited 1 branch of the dungeon, and saw 2 of its levels.

You collected 2 gold pieces.

Inventory:

Hand Weapons
 a - a +0 hand axe (weapon)
Armour
 b - a +0 leather armour (worn)
Scrolls
 c - 3 scrolls of teleportation {unknown}
 g - 5 scrolls of identify {unknown}
Potions
 f - a potion of degeneration {unknown}
Comestibles
 d - a ration


   Skills:
 + Level 2.2 Fighting
 * Level 2.9 Axes
 - Level 1.1 Armour
 - Level 2.1 Dodging
 + Level 2.0 Spellcasting
 + Level 3.7 Charms


You had 6 spell levels left.
You knew the following spells:

 Your Spells              Type           Power        Failure   Level  Hunger
a - Infusion              Chrm           #...         9%          1    ##.....

Your spell library contained the following spells:

 Spells                   Type           Power        Failure   Level  Hunger
 Regeneration             Chrm/Necr      #.........   45%         3    ####...
 Shroud of Golubria       Chrm/Tloc      #.........   26%         2    ###....
 Song of Slaying          Chrm           #.......     12%         2    ###....
 Spectral Weapon          Hex/Chrm       #.......     45%         3    ####...


Dungeon Overview and Level Annotations

Branches:
Dungeon (2/15)

Altars:

Annotations:
D:1 Natasha
D:2 Sigmund


Innate Abilities, Weirdness & Mutations

You are small and have problems with some larger weapons.
You are somewhat resistant to further mutation.


Message History

Natasha casts a spell at you. You resist with some effort.
Your magical infusion is running out.
Natasha claws you.
You completely miss Natasha. Natasha casts a spell at you.
The magic dart hits you!
You closely miss Natasha. Natasha claws you.
You closely miss Natasha. Natasha claws you.
* * * LOW HITPOINT WARNING * * *
It was a potion of ambrosia.
You are confused.
You feel invigorated. Natasha claws you.
* * * LOW HITPOINT WARNING * * *
You hit Natasha.
Natasha is moderately wounded.
Natasha claws you.
* * * LOW HITPOINT WARNING * * *
Natasha claws you.
You die...

################# ##
#......>...@h...#####
.#
#.##.####...(.......#
.### #.##)#
#.#####.###.#
...###.##.## #.# #.#
#.#######
##.........###.## #.#
#.......#
...##...#..##...####.#
#######.#
.#.................#.#
#.#
.#.##...#..#######.#.#
#.# ...###.##..# #.#.#
#.#


You could see Natasha.

Vanquished Creatures
  Natasha (D:1)
  A worm (D:1)
  A dart slug (D:1)
  A leopard gecko (D:1)
  2 goblins (D:1)
  4 hobgoblins (D:1)
  4 jackals (D:1)
  2 bats (D:1)
  A frilled lizard (D:1)
  A kobold (D:1)
  3 rats (D:1)
21 creatures vanquished.

Notes
Turn   | Place    | Note
-------+----------+-------------------------------------------
     0 | D:1      | D1HalberdGnoll the Halfling Skald began the quest for the Orb.
     0 | D:1      | Reached XP level 1. HP: 14/14 MP: 3/3
   231 | D:1      | Reached XP level 2. HP: 16/19 MP: 0/4
   987 | D:1      | Reached XP level 3. HP: 21/24 MP: 0/5
  1243 | D:2      | Noticed Sigmund
  1280 | D:2      | Noticed Natasha
  1549 | D:1      | Killed Natasha
  1549 | D:1      | Reached XP level 4. HP: 4/29 MP: 0/7
  1726 | D:1      | Noticed Natasha
  1736 | D:1      | Slain by Natasha

Vault maps used:
D:1:      scummos_arrival_simple_crosswalls
D:2:      nicolae_overflow_crystal_walls,
          nicolae_dithmenos_through_a_glass_darkly, kennysheep_generic_room_6,
          uniq_natasha, uniq_sigmund, uniq_jessica

Skill      XL: |  1  2  3 |
---------------+----------+-----
Fighting       | 2 |  2.2
Spellcasting   | 2 |  2.0
Axes           | |  2.9
Armour         | |  1.1
Dodging        | |  2.1
Charms         | |  3.7

Action                   |  1- 3 |  4- 6 || total
-------------------------+-------+-------++-------
Melee: Hand axe          |    78 |     4 ||    82
 Cast: Infusion          |    12 |     1 ||    13
  Use: Potion            |       |     1 ||     1
  Eat: Chunk             |     2 |     1 ||     3
Armor: Leather armour    |    20 |       ||    20
Dodge: Dodged            |    58 |       ||    58

Table legend:
 A = Spawn XP
 B = Non-spawn XP
 C = Spawn XP percentage of total XP
 D = Spawn monster count
 E = Non-spawn monster count
 F = Spawn count percentage of total count
 G = Total turns spent on level
                    A         B        C        D         E        F      G
               +---------+---------+-------+---------+---------+-------+---------
         Total |       0 |      75 |   0.0 |       0 |      21 |   0.0 |  1736
               +---------+---------+-------+---------+---------+-------+---------
           D:1 |       0 |      75 |   0.0 |       0 |      21 |   0.0 |  1730
               +---------+---------+-------+---------+---------+-------+---------
